 Dungeon Crawl Stone Soup version 0.23.2 (webtiles) character file.

Game seed: 2374762869861423369

21 Borgoz the Cutter (level 2, -4/25 HPs)
             Began as a Ghoul Gladiator on Apr 3, 2019.
             Slain by Sigmund
             ... wielding a +2 scythe of protection
              (12 damage)
             ... on level 2 of the Dungeon.
             The game lasted 00:00:54 (913 turns).

Borgoz the Cutter (Ghoul Gladiator)                  Turns: 913, Time: 00:00:55

Health: -4/25      AC:  9    Str: 14 (17) XL:     2   Next: 83%
Magic:  1/1        EV:  6    Int:  2 (3)  God:
Gold:   57         SH:  0    Dex:  9 (10) Spells: 1/1 levels left

rFire    . . .     SeeInvis .   a - +0 rapier
rCold    + . .     Gourm    .   (no shield)
rNeg     + + +     Faith    .   k - +0 chain mail
rPois    ∞         Spirit   .   c - +0 helmet
rElec    .         Reflect  .   (no cloak)
rCorr    .         Harm     .   (no gloves)
MR       .....                  (no boots)
Stlth    ..........             (no amulet)
HPRegen  0.00/turn              (no ring)
MPRegen  0.07/turn              (no ring)

@: confused, very slightly contaminated, rotting, hasted, invisible, very quick
A: rotting body, claws 1, carnivore, cold resistance 1, negative energy
resistance 3, inhibited regeneration, torment resistance, unbreathing
a: no special abilities


You were on level 2 of the Dungeon.
You were not hungry.

You visited 1 branch of the dungeon, and saw 2 of its levels.

You collected 57 gold pieces.

Inventory:

Hand Weapons
 a - a +0 rapier (weapon)
Missiles
 d - 2 throwing nets (quivered)
Armour
 c - a +0 helmet (worn)
 k - a +0 chain mail (worn)
Jewellery
 o - a +3 ring of dexterity {unknown}
Scrolls
 b - a scroll of teleportation {unknown}
 e - 3 scrolls of identify {unknown}
 g - a scroll of amnesia {unknown}
 i - 3 scrolls of enchant weapon {unknown}
 l - a scroll of remove curse {unknown}
Comestibles
 f - 3 rations


   Skills:
 + Level 2.3 Fighting
 * Level 3.0 Short Blades
 - Level 1.7 Throwing
 * Level 0.8 Armour
 * Level 3.0 Dodging
 + Level 0.7 Stealth


You had one spell level left.
You didn't know any spells.
Your spell library was empty.

Dungeon Overview and Level Annotations

Branches:
Dungeon (2/15)

Altars:

Annotations:
D:2 Sigmund


Innate Abilities, Weirdness & Mutations

Your body is rotting away.
You thrive on raw meat.
You are immune to poison.
You have sharp fingernails.
You are carnivorous and can eat meat at any time.
Your flesh is cold resistant. (rC+)
You are immune to negative energy. (rN+++)
You do not regenerate when monsters are visible.
You are immune to unholy pain and torment.
You can survive without breathing.


Message History

You are confused.
Unknown command.
You miss something.
The adder skeleton bites you but does no damage.
You hear some strange, mumbled words.
A puff of flame appears from out of thin air!
The puff of flame hits you.
The adder skeleton bites you but does no damage.
You closely miss the adder skeleton. Something hits you.
You closely miss the adder skeleton.
The adder skeleton bites you but does no damage.
You puncture the adder skeleton!
The adder skeleton is heavily damaged.
You bump into the rock wall.
The adder skeleton barely misses you.
A magic dart appears from out of thin air!
The magic dart hits the adder skeleton!
The adder skeleton is destroyed!
Your Dodging skill increases to level 3!
Something hits you!
You die...

#.# ..### .. .#.
#.#.. .. .. #(#.#
.... #.#.# .#.
#<#.# .. #.####.#.#
.# #........##.#
..........@..#
#######............
#.#......####
#...........
.P########## ≈≈≈.#
≈≈.. ≈≈≈≈


There were no monsters in sight!

Vanquished Creatures
  2 dart slugs (D:1)
  3 ball pythons (D:1)
  A giant cockroach (D:1)
  3 hobgoblins (D:1)
  4 bats (D:1)
13 creatures vanquished.

Vanquished Creatures (others)
  An adder skeleton (D:2)
1 creature vanquished.

Grand Total: 14 creatures vanquished

Notes
Turn   | Place    | Note
-------+----------+-------------------------------------------
     0 | D:1      | Borgoz the Ghoul Gladiator began the quest for the Orb.
     0 | D:1      | Reached XP level 1. HP: 17/17 MP: 0/0
   389 | D:1      | Reached XP level 2. HP: 22/23 MP: 1/1
   882 | D:2      | Noticed Sigmund
   913 | D:2      | Slain by Sigmund

Skill      XL: |  1  2 |
---------------+-------+-----
Short Blades   | 3 |  3.0
Dodging        | 3 |  3.0
Fighting       | |  2.3
Throwing       | |  1.7
Armour         | |  0.8
Stealth        | |  0.7

Action                   || total
-------------------------++-------
Melee: Rapier            ||    64
Throw: Throwing net      ||     1
  Use: Potion            ||     4
 Stab: Held in net/web   ||     1
  Eat: Chunk             ||     1
Armor: Leather armour    ||    17
       Chain mail        ||    11
Dodge: Dodged            ||    48
